 Dungeon Crawl Stone Soup version 0.27-a0-1135-g81dfa19a63 (webtiles) character file.

Game seed: 17523262543135653889

1112 LordDeathwing the Poker (level 8, -3/69 HPs)
             Began as a Red Draconian Fighter on May 4, 2021.
             Was a Priest of Qazlal.
             Killed from afar by an orc wizard (8 damage)
             ... with a magic dart
             ... on level 6 of the Dungeon.
             The game lasted 00:30:09 (7293 turns).

LordDeathwing the Poker (Red Draconian Fighter)     Turns: 7293, Time: 00:30:09

Health: -3/69      AC:  7    Str: 21    XL:     8   Next: 11%
Magic:  10/10      EV: 10    Int: 12    God:    Qazlal [***...]
Gold:   176        SH: 19    Dex: 10    Spells: 7/7 levels left

rFire    + . .     SeeInvis .   p - +1 spear (vorpal)
rCold    . . .     Faith    .   b - +0 kite shield
rNeg     . . .     Spirit   .   (armour unavailable)
rPois    .         Reflect  +   (helmet restricted)
rElec    .         Harm     .   (no cloak)
rCorr    +         Rampage  .   e - +0 pair of gloves
Will     .....                  (no boots)
Stlth    ..........             d - amulet "Quruge Lusosch" {Reflect Fly Int+3 SH+5 Stlth-}
HPRegen  0.21/turn              g - ring of resist corrosion
MPRegen  0.12/turn              (no ring)

@: flying
A: breathe fire, AC +6, unfitting armour, fire resistance 1, cold-blooded
a: Breathe Fire, Renounce Religion, Upheaval, Elemental Force


You were on level 6 of the Dungeon.
You worshipped Qazlal.
Qazlal was most pleased with you.
You visited 2 branches of the dungeon, and saw 7 of its levels.
You also visited: Sewer.

You collected 253 gold pieces.
You spent 77 gold pieces at shops.

Inventory:

Hand Weapons
 a - a +0 trident
 p - a +1 vorpal spear (weapon)
Missiles
 r - 8 boomerangs (quivered)
 t - 2 poisoned darts
Armour
 b - a +0 kite shield (worn)
 e - a +0 pair of gloves (worn)
Magical Staves
 l - a staff of earth
Jewellery
 d - the amulet "Quruge Lusosch" (around neck) {Reflect Fly Int+3 SH+5 Stlth-}
   (You acquired it on level 3 of the Dungeon)

   [amulet of reflection]

   It reflects blocked missile attacks.
   It affects your intelligence (+3).
   It grants you flight.
   It affects your SH (+5).
   It makes you less stealthy.
 g - a ring of resist corrosion (left hand)
 i - a +6 ring of intelligence
Wands
 m - a wand of polymorph (13)
 x - a wand of flame (16)
 y - a wand of mindburst (16)
Scrolls
 f - a scroll of summoning
 h - a scroll of amnesia
 n - a scroll of brand weapon {unknown}
 s - 2 scrolls of magic mapping
 u - a scroll of blinking {unknown}
 v - 2 scrolls of immolation {unknown}
 w - a scroll of enchant armour {unknown}
Potions
 c - 2 potions of might
 j - a potion of lignification
 k - a potion of haste {unknown}
 o - a potion of attraction {unknown}
 q - 2 potions of brilliance
 z - a potion of flight {unknown}


   Skills:
 + Level 5.5 Fighting
 * Level 5.8 Polearms
 + Level 1.7 Throwing
 - Level 2.8 Dodging
 - Level 0.8 Stealth
 - Level 5.0 Shields
 + Level 3.8 Invocations
 + Level 2.0 Evocations


You had 7 spell levels left.
You didn't know any spells.
Your spell library was empty.

Dungeon Overview and Level Annotations

Branches:
Dungeon (6/15)             Temple (1/1) D:4           Sewer (visited)

Altars:
Ashenzari
Cheibriados
Dithmenos
Fedhas
Gozag
Makhleb
Nemelex Xobeh
Okawaru
Qazlal
Ru
Uskayaw
Vehumet
Wu Jian
Xom
Zin
The Shining One
Lugonu

Shops:
D:1 ?   D:3 *

Annotations:
D:5 exclusion: 2 downstairs


Innate Abilities, Weirdness & Mutations

You can breathe blasts of fire.
Your fiery red scales are hard. (AC +6)
You cannot fit into any form of body armour.
Your flesh is heat resistant. (rF+)
You are cold-blooded and may be slowed by cold attacks.


Message History

The orc warrior is heavily wounded.
The orc wizard gestures at itself while chanting.
The orc wizard flickers and vanishes!
Deactivating autopickup; reactivate with Ctrl-A.
The orc warrior hits you from afar with a +0 glaive!
You hit the white imp but do no damage. You tail-slap the white imp.
The white imp is lightly wounded.
The white imp gestures at you.
The puff of frost hits you but does no damage.
You block the orc warrior's attack.
You hit the white imp but do no damage.
The white imp is lightly wounded.
The white imp hits you but does no damage.
You block the orc warrior's attack.
You hit the white imp. You tail-slap the white imp.
The white imp is severely wounded.
You block the white imp's attack.
The orc warrior hits you from afar with a +0 glaive!
You hit the white imp.
You kill the white imp!
Qazlal accepts your kill. You block the orc warrior's attack.
You reach to attack!
You completely miss the orc warrior.
The orc warrior is moderately wounded.
The orc warrior hits you from afar with a +0 glaive.
You reach to attack!
You hit the orc warrior.
The orc warrior is heavily wounded.
You hear some strange, mumbled words.
You are confused.
The orc warrior hits you from afar with a +0 glaive!
* * * LOW HITPOINT WARNING * * *
Okay, then.
You feel less confused.
The orc warrior hits you from afar with a +0 glaive!
* * * LOW HITPOINT WARNING * * *
You hear some strange, mumbled words.
Something tries to affect you, but you resist.
A magic dart appears from out of thin air!
The magic dart hits you!
You die...

............# ...
#...........#####............
..............................
...............................
...............................
...............................
...............................
.#..#'######......§............
<#..#...........@☼.{o..........
.)..#...............o..........
...............................
.................#+#.#.#.......
.................#.....#......#
...............#.###.#.#.......
...............#..##.###....##.
.####..........#..............
.. #..........+............##.


You could see an orc warrior and an orc.

Vanquished Creatures
  An ice beast (D:6)
  3 ogres
  A scorpion (D:5)
  A bullfrog (Sewer)
  A howler monkey (D:5)
  A hound (D:5)
  An orc priest (D:3)
  A bullfrog skeleton (D:5)
  A jelly (D:6)
  A centaur skeleton (D:6)
  A gnoll shaman (D:3)
  An iguana (D:4)
  Natasha (thrice) (D:3)
  An orc wizard (D:4)
  A killer bee zombie (D:6)
  2 hound skeletons
  3 gnolls (D:3)
  10 adders
  A white imp (D:6)
  An ufetubus (D:4)
  2 worms
  2 dart slugs
  9 orcs
  9 ball pythons
  6 endoplasms
  8 giant cockroaches
  7 hobgoblins
  22 jackals
  8 quokkas
  3 bats
  9 frilled lizards
  8 goblins
  6 kobolds
  2 rats (D:2)
137 creatures vanquished.

Vanquished Creatures (others)
  A bat (D:1)
  A kobold (D:3)
2 creatures vanquished.

Grand Total: 139 creatures vanquished

Notes
Turn   | Place    | Note
-------+----------+-------------------------------------------
     0 | D:1      | LordDeathwing the Draconian Fighter began the quest for the
                  | Orb.
     0 | D:1      | Reached XP level 1. HP: 19/19 MP: 1/1
    72 | D:1      | Found Womasch's Magic Scroll Boutique.
   346 | D:1      | Reached XP level 2. HP: 26/26 MP: 2/2
  1216 | D:1      | Reached XP level 3. HP: 31/33 MP: 3/3
  1791 | D:2      | Found a faded altar of an unknown god.
  1813 | D:2      | Became a worshipper of Qazlal Stormbringer
  1813 | D:2      | Reached * piety under Qazlal
  2136 | D:2      | Reached XP level 4. HP: 40/40 MP: 4/4
  2713 | D:3      | Reached ** piety under Qazlal
  2723 | D:3      | Reached skill level 1 in Invocations
  2916 | D:3      | Found a glowing drain.
  2919 | D:3      | Reached XP level 5. HP: 44/46 MP: 5/5
  2926 | Sewer    | Entered a sewer
  3567 | D:3      | Reached XP level 6. HP: 53/53 MP: 7/7
  3599 | D:3      | Found Gozag's Platinum Reserve.
  3805 | D:3      | Identified a scroll of acquirement
  3810 | D:3      | Acquired the amulet "Quruge Lusosch" {Reflect Fly Int+3
                  | SH+5 Stlth-}
  3957 | D:3      | Found an opulent altar of Gozag.
  4076 | D:3      | Reached *** piety under Qazlal
  4295 | D:3      | Noticed Natasha
  4306 | D:3      | Killed Natasha
  4414 | D:3      | Found a burning altar of Makhleb.
  4414 | D:3      | Found an iron altar of Okawaru.
  4579 | D:3      | Noticed Natasha
  4597 | D:3      | Killed Natasha
  4668 | D:3      | Noticed Natasha
  4680 | D:3      | Killed Natasha
  4932 | D:1      | Bought a scroll of identify for 28 gold pieces
  4932 | D:1      | Bought a scroll of magic mapping for 49 gold pieces
  5270 | D:4      | Reached skill level 5 in Shields
  5479 | D:4      | Found a staircase to the Ecumenical Temple.
  5619 | D:4      | Found a sacrificial altar of Ru.
  5629 | D:4      | Your scales start taking on a fiery red colour.
  5629 | D:4      | Reached XP level 7. HP: 60/60 MP: 9/9
  5629 | D:4      | Gained mutation: Your flesh is heat resistant. (rF+) [Red
                  | Draconian growth]
  5780 | Temple   | Entered the Ecumenical Temple
  5845 | D:5      | Entered Level 5 of the Dungeon
  5991 | D:5      | Reached skill level 5 in Polearms
  6072 | D:5      | Found a snail-covered altar of Cheibriados.
  6152 | D:5      | Reached skill level 5 in Fighting
  6313 | D:5      | Found a glowing silver altar of Zin.
  6340 | D:5      | Reached skill level 1 in Throwing
  6340 | D:5      | Reached skill level 1 in Evocations
  6716 | D:5      | Found a stormy altar of Qazlal.
  6716 | D:5      | Noticed an air elemental
  6724 | D:5      | Noticed a water elemental
  6724 | D:5      | Noticed a fire elemental
  7164 | D:6      | Reached XP level 8. HP: 52/69 MP: 10/10
  7293 | D:6      | Killed from afar by an orc wizard

Illustrated notes

Levels and vault maps discovered:
D:1:      sevenhm_arrival_forest_fort_small_3, layout_basic, serial_shops,
          shop_scrolls, minmay_misc_feat_alley, dk_noncrumbling_3,
          lemuel_flame_loot_1
D:2:      layout_loops_cross, hellmonk_ecumenical_altar_zigzags
D:3:      layout_loops_ring, nicolae_gozag_zags_fifth_avenue,
          amethyst_overflow_temple_binary, portal_sewer_entry_f, uniq_natasha
D:4:      layout_rooms, nicolae_overflow_crystal_walls,
          minmay_temple_entry_crystal_x
D:5:      layout_loops_corners, old_standard_altar,
          nicolae_qazlal_style_of_elements, amcnicky_altar_gilded
D:6:      layout_basic, amcnicky_mini_corridor_feature, lightli_minifort
Temple:   corrupted_temple

Skill      XL: |  1  2  3  4  5  6  7  8 |
---------------+-------------------------+-----
Polearms       | 3 4 5 |  5.8
Fighting       | 4 5 |  5.5
Shields        | 4 5 |  5.0
Invocations    | 1 3 |  3.8
Throwing       | 1 |  1.7
Evocations     | 1 2 |  2.0
Dodging        | |  2.8
Stealth        | |  0.8

Action                   |  1- 3 |  4- 6 |  7- 9 || total
-------------------------+-------+-------+-------++-------
Melee: Trident           |   129 |   172 |       ||   301
       Tailslap          |    13 |    36 |    10 ||    59
       Spear             |       |   117 |   101 ||   218
Throw: Dart              |       |     4 |       ||     4
       Boomerang         |       |       |     2 ||     2
  Use: Scroll            |       |     9 |     1 ||    10
 Stab: Sleeping          |     1 |       |       ||     1
Armor: Skin              |    28 |    59 |    21 ||   108
Dodge: Dodged            |    51 |    88 |    21 ||   160
Block: Kite shield       |    52 |   201 |    80 ||   333
       Reflection        |       |     6 |       ||     6

Table legend: (Time is in decaauts)
 A = Elapsed time spent in this place.
 B = Non-inter-level travel time spent in this place.
 C = Inter-level travel time spent in this place.
 D = Time resting spent in this place.
 E = Time spent auto-exploring this place.
 F = Levels seen in this place.
 G = Mean time per level.
                   A        B        C        D        E       F      G
               +--------+--------+--------+--------+--------+-----+--------+
         Total |   7480 |   6823 |    657 |   1116 |   3939 |   8 |  935.0 |
       Dungeon |   6894 |   6237 |    657 |    885 |   3908 |   6 | 1149.0 |
        Temple |     58 |     58 |      0 |      0 |     31 |   1 |   58.0 |
         Sewer |    527 |    527 |      0 |    231 |      0 |   1 |  527.0 |
               +--------+--------+--------+--------+--------+-----+--------+

Top non-repeatable levels by time:
     D:3: 2005 daAuts
     D:1: 1804 daAuts
     D:5: 1154 daAuts
     D:2: 1113 daAuts
     D:4: 634 daAuts
   Sewer: 527 daAuts
     D:6: 181 daAuts
  Temple: 58 daAuts
